Map: [ESL] Alcyone

Players

Spirit - Winner!

  • Race: Terran Terran
  • Spawn Location: 1:00

HeroMarine

  • Race: Terran Terran
  • Spawn Location: 7:00

Event: ESL SC2 Masters 2023 Winter (Regional)

VOD

Have the link to the VOD?

Description

Time

  • Played on: Nov. 17, 2023, 8:28 a.m.
  • Length: 10:55

All games in this series

Show
View Real Time Build Order
Export as new Build Order

Spirit Terran - Winner!

Build Orders:  

Get SALT Encoding   

  12  0:00  SCV  
  13  0:12  SCV  
  14  0:17  Supply Depot  
  14  0:24  SCV  
  15  0:38  SCV  
  15  0:41  Barracks  
  16  0:43  Refinery  
  16  0:50  SCV  
  17  1:01  Barracks  
  17  1:05  SCV  
  18  1:17  SCV  
  19  1:28  Reaper  
  19  1:29  Orbital Command  
  19  1:32  Supply Depot  
  20  1:48  Reaper  
  21  1:54  SCV  
  22  2:04  Reaper  
  22  2:06  SCV  
  24  2:13  Command Center  
  24  2:19  Refinery  
  24  2:22  Reaper  
  25  2:24  SCV  
  26  2:36  SCV  
  27  2:37  Bunker  
  27  2:41  Reaper  
  28  2:48  SCV  
  29  2:57  Reaper  
  30  3:00  SCV, Supply Depot  
  31  3:12  SCV  
  31  3:17  Factory  
  31  3:21  Barracks Reactor  
  31  3:25  SCV  
  32  3:27  Orbital Command  
  32  3:30  Refinery  
  32  3:37  SCV  
  33  3:49  SCV  
  33  3:51  Command Center  
  33  3:54  SCV  
  34  3:59  Bunker  
  35  4:09  Barracks Tech Lab  
  36  4:10  Starport  
  36  4:14  Cyclone x2  
  36  4:17  SCV x2  
  40  4:27  Supply Depot  
  40  4:29  SCV x2  
  42  4:35  Marine  
  43  4:40  Supply Depot  
  43  4:41  SCV x2  
  43  4:43  Marine  
  46  4:46  Cyclone  
  46  4:49  Cyclone  
  49  4:53  SCV x2  
  49  4:57  Raven, Interference Matrix  
  49  4:59  Barracks Tech Lab  
  52  5:05  SCV x2  
  54  5:08  Refinery  
  54  5:09  Barracks Reactor  
  54  5:10  Orbital Command  
  54  5:17  SCV x2  
  56  5:21  Supply Depot  
  56  5:27  Marine x2  
  56  5:28  Engineering Bay x2  
  58  5:29  SCV  
  58  5:30  SCV  
  58  5:34  Raven  
  62  5:38  SCV  
  62  5:41  SCV  
  64  5:44  Marine, Supply Depot  
  64  5:45  Siege Tank  
  64  5:49  SCV  
  69  5:53  SCV  
  69  5:54  Marine  
  71  5:59  SCV  
  71  6:07  Barracks  
  71  6:08  Barracks, Terran Infantry Weapons Level 1  
  71  6:09  Barracks  
  71  6:14  Terran Infantry Armor Level 1, SCV x3  
  71  6:18  Starport Reactor  
  74  6:22  Orbital Command  
  74  6:23  Siege Tank, Marine  
  78  6:26  SCV  
  78  6:28  SCV  
  78  6:31  Supply Depot  
  78  6:32  Missile Turret  
  80  6:35  Marine x2  
  80  6:36  Marine  
  80  6:37  Missile Turret  
  80  6:38  SCV  
  84  6:40  SCV  
  84  6:44  Marine  
  85  6:48  SCV  
  85  6:50  SCV  
  85  6:52  SCV  
  85  6:53  Supply Depot  
  89  6:55  Barracks Reactor  
  89  6:56  Barracks Reactor x2  
  89  6:59  Barracks Tech Lab  
  89  7:00  Siege Tank, SCV  
  92  7:03  Viking, SCV  
  92  7:04  SCV  
  92  7:06  Viking  
  92  7:07  Stimpack  
  98  7:09  Marine  
  98  7:12  SCV  
  98  7:13  Refinery  
  98  7:14  Refinery  
  98  7:15  SCV  
  101  7:17  Combat Shield  
  101  7:18  Supply Depot  
  101  7:20  Barracks  
  101  7:23  SCV  
  101  7:24  SCV  
  101  7:26  Armory  
  101  7:27  Marine, SCV  
  101  7:28  Marine  
  106  7:32  Marine  
  106  7:35  SCV  
  108  7:38  SCV  
  108  7:39  SCV  
  108  7:40  Sensor Tower, Marine x2  
  108  7:41  Marine  
  108  7:43  Supply Depot  
  113  7:46  Siege Tank, Marine  
  113  7:49  Marine x2  
  113  7:50  SCV  
  121  7:53  Marine  
  121  7:54  Marine  
  121  7:56  Supply Depot  
  121  7:58  Marine, Supply Depot, SCV  
  124  7:59  Marine  
  124  8:04  Marine x2  
  128  8:07  Marine x3  
  128  8:11  Marine x2  
  131  8:14  Marine  
  131  8:16  Marine  
  131  8:17  Medivac  
  134  8:20  Terran Infantry Weapons Level 2, Command Center  
  134  8:23  Terran Infantry Armor Level 2  
  134  8:33  Terran Vehicle Weapons Level 1  
  73  8:34  Supply Depot, Medivac  
  134  8:35  Marine, Supply Depot  
  134  8:37  Supply Depot  
  134  8:39  Marine x2  
  134  8:40  SCV  
  140  8:42  SCV  
  141  8:55  Marine x5  
  141  8:56  Marine x2, SCV, Medivac  
  141  8:57  Marine  
  141  9:01  Siege Tank, Marine  
  156  9:03  Marine  
  156  9:04  SCV, Medivac  
  156  9:05  SCV  
  154  9:13  Marine x5  
  154  9:15  Marine  
  154  9:16  Marine x2  
  154  9:17  SCV  
  163  9:19  Marine  
  163  9:21  Marine  
  163  9:26  Medivac  
  163  9:29  Supply Depot  
  163  9:30  Factory  
  165  9:31  Supply Depot, Marine x5  
  165  9:33  Marine x3  
  165  9:37  Marine  
  176  9:38  SCV  
  176  9:39  SCV, Marine  
  176  9:40  SCV  
  180  9:51  Sensor Tower, SCV, Marine x7  
  188  9:53  SCV, Marine  
  188  9:54  Siege Tank  
  188  9:55  SCV, Marine  
  188  9:57  Marine  
  188  9:59  Sensor Tower  
  195  10:02  Viking  
  195  10:03  SCV  
  196  10:09  Planetary Fortress  
  196  10:14  Factory Tech Lab, Supply Depot x2  
  196  10:25  Marine x2  
  196  10:26  Marine  
  196  10:27  Marine  
  196  10:33  Command Center  
  196  10:34  SCV  
  196  10:35  Marine x3  
  196  10:36  Marine x3  
Show
View Real Time Build Order
Export as new Build Order

HeroMarine Terran 

Build Orders: Gas First Reaper Expand 

Get SALT Encoding   

  12  0:00  SCV  
  13  0:12  SCV  
  14  0:17  Supply Depot  
  14  0:24  SCV  
  14  0:27  Refinery  
  15  0:38  SCV  
  16  0:44  Barracks  
  16  0:50  SCV  
  17  1:02  SCV  
  18  1:15  SCV  
  19  1:31  Orbital Command, Reaper  
  20  1:41  Command Center  
  20  1:51  Factory  
  20  1:56  SCV  
  20  2:01  Refinery  
  21  2:05  Barracks Reactor  
  21  2:08  SCV  
  21  2:13  Supply Depot  
  22  2:20  SCV  
  23  2:34  SCV  
  23  2:36  Starport  
  23  2:41  Hellion, Marine x2  
  27  2:47  SCV  
  26  2:59  Marine, SCV  
  26  3:01  Marine  
  28  3:09  Cyclone  
  28  3:11  SCV  
  30  3:19  Supply Depot  
  30  3:23  SCV  
  31  3:27  Command Center  
  32  3:41  SCV  
  32  3:43  Medivac  
  32  3:48  Cyclone x2  
  38  3:55  SCV  
  38  4:07  SCV  
  38  4:08  Supply Depot  
  38  4:09  Barracks Tech Lab  
  39  4:30  Command Center, SCV  
  42  4:31  Raven  
  42  4:37  Cyclone  
  44  4:41  Cyclone  
  44  4:44  SCV  
  47  4:46  Barracks Tech Lab  
  47  4:55  Interference Matrix  
  47  4:57  SCV  
  48  5:00  Orbital Command  
  48  5:09  SCV  
  48  5:10  Raven  
  51  5:21  SCV, Refinery  
  52  5:25  Barracks  
  52  5:28  SCV  
  53  5:32  Barracks  
  53  5:33  SCV  
  53  5:34  Stimpack  
  54  5:40  SCV  
  54  5:41  Orbital Command  
  55  5:44  Marine  
  55  5:45  SCV  
  57  5:50  Factory Reactor  
  57  5:52  SCV  
  57  5:55  Refinery  
  58  5:57  SCV  
  58  6:01  Marine  
  58  6:02  Raven  
  62  6:04  SCV  
  62  6:08  SCV  
  62  6:09  SCV  
  65  6:16  SCV, Marine x2  
  68  6:19  Supply Depot  
  68  6:20  SCV  
  68  6:21  SCV, Marine  
  71  6:26  Engineering Bay  
  71  6:27  Engineering Bay  
  71  6:28  SCV  
  71  6:32  SCV  
  73  6:33  SCV  
  73  6:35  Marine x2, Refinery  
  73  6:36  Marine  
  73  6:38  Marine  
  73  6:39  Marine  
  77  6:40  SCV  
  77  6:46  SCV  
  77  6:47  Starport Reactor  
  80  6:48  Orbital Command  
  80  6:53  Marine x2, SCV  
  80  6:54  Marine  
  83  6:58  SCV  
  84  7:02  Terran Infantry Weapons Level 1, Terran Infantry Armor Level 1, Supply Depot x2  
  84  7:05  SCV  
  84  7:06  Supply Depot  
  84  7:07  Missile Turret  
  84  7:10  Missile Turret, SCV  
  84  7:15  Combat Shield  
  85  7:17  Siege Tank, SCV x2  
  85  7:20  Marine x3  
  93  7:23  SCV, Marine  
  93  7:26  Medivac x2  
  93  7:28  Supply Depot  
  93  7:29  SCV x2  
  101  7:35  Refinery x2  
  101  7:36  SCV  
  102  7:39  Marine  
  102  7:40  Marine  
  102  7:41  SCV x2, Marine  
  107  7:48  SCV  
  107  7:50  Siege Tank, Supply Depot  
  111  7:51  Marine  
  111  7:52  Marine  
  111  7:53  SCV x2  
  111  7:58  Viking  
  117  8:01  Viking  
  117  8:03  SCV  
  119  8:05  SCV x2  
  115  8:13  Marine x5  
  115  8:15  SCV  
  115  8:17  SCV  
  115  8:18  SCV  
  123  8:21  Sensor Tower  
  123  8:24  Siege Tank  
  126  8:28  Viking  
  126  8:30  Armory  
  126  8:31  Viking, Marine x2  
  126  8:32  Marine  
  133  8:41  Marine  
  133  8:43  Command Center  
  133  8:46  SCV x2  
  133  8:48  SCV  
  137  8:49  Barracks Reactor  
  137  8:54  Barracks  
  137  8:55  Barracks, Marine x2  
  137  8:56  Marine  
  137  8:59  Marine  
  140  9:07  Siege Tank  
  141  9:13  Marine  
  141  9:15  Marine  
  141  9:18  SCV  
  141  9:21  Marine  
  141  9:22  Viking x2, Supply Depot, SCV x2, Marine  
  148  9:24  Supply Depot  
  148  9:30  SCV  
  149  9:37  Supply Depot  
  149  9:44  Siege Tank, Marine x3  
  155  9:45  Supply Depot  
  155  9:46  Supply Depot  
  155  9:49  Barracks Reactor x2  
  155  9:52  Viking x2  
  159  9:54  Factory  
  159  9:57  SCV x2  
  159  9:58  SCV  
  157  10:00  Marine x2  
  157  10:01  Marine  
  157  10:02  Marine  
  161  10:20  Siege Tank, Marine x3  
  167  10:24  Marine x2  
  167  10:26  Sensor Tower  
  167  10:27  Marine x2  
  176  10:30  Marine  
  176  10:34  Marine x2  
Tags
 
Add a new tag
Caveats
  • Supply blocks, unpowered buildings, or Contaminate may cause inaccurate times.
  • Supply counts are checked every 10 seconds.